 Dungeon Crawl Stone Soup version 0.30-b1-7-gcb88a99046 (webtiles) character file.

Game seed: 14684272985875305320

46 KittyFluff the Trooper (level 3, -1/24 HPs)
             Began as a Gargoyle Berserker on May 5, 2023.
             Was a Believer of Trog.
             Slain by a cerulean imp
             ... wielding a +0 spear
             ... summoned by Natasha
              (2 damage)
             ... on level 2 of the Dungeon.
             The game lasted 00:04:00 (1073 turns).

KittyFluff the Trooper (Gargoyle Berserker)         Turns: 1073, Time: 00:04:01

Health: -1/24      AC:  6    Str: 20    XL:     3   Next: 68%
Magic:  3/3        EV: 11    Int:  7    God:    Trog [**....]
Gold:   40         SH:  0    Dex: 11    Spells: 2/2 levels left

rFire   . . .        a - +1 mace
rCold   . . .        (no shield)
rNeg    + . .        h - +0 leather armour
rPois   ∞            (no helmet)
rElec   +            (no cloak)
rCorr   .            (no gloves)
SInv    .            (no boots)
Will    .....        (no amulet)
Stlth   +            (no ring)
HPRegen 0.24/turn    (no ring)
MPRegen 0.08/turn

%: no passive effects
@: no status effects
A: sickness immunity, AC +3, negative energy resistance 1, electricity
resistance, torment resistance 1, petrification resistance
a: Renounce Religion, Berserk, Trog's Hand


You were on level 2 of the Dungeon.
You worshipped Trog.
Trog was pleased with you.
You visited 1 branch of the dungeon, and saw 2 of its levels.

You collected 40 gold pieces.

Inventory:

Hand Weapons
 a - a +1 mace (weapon)
Armour
 h - a +0 leather armour (worn)
Scrolls
 b - a scroll of magic mapping {unknown}
 c - a scroll of amnesia {unknown}
 e - a scroll of identify {unknown}
 f - 2 scrolls of enchant weapon
Potions
 d - a potion of magic {unknown}
 g - a potion of curing {unknown}
 i - a potion of lignification {unknown}


   Skills:
 + Level 3.9 Fighting
 + Level 3.9 Maces & Flails
 + Level 2.3 Armour
 + Level 1.8 Dodging


You had 2 spell levels left.
You didn't know any spells.
Your spell library was empty.

Dungeon Overview and Level Annotations

Branches:
Dungeon (2/15)

Altars:

Annotations:
D:2 Natasha


Innate Abilities, Weirdness & Mutations

You are immune to sickness and miasma.
Your stone body is resilient. (AC +3)
You are immune to poison.
You resist negative energy. (rN+)
You are resistant to electric shocks. (rElec)
You are resistant to unholy torment.
You are immune to petrification.


Message History

The cerulean imp is severely wounded.
The cerulean imp hits you but does no damage.
You closely miss the cerulean imp.
The cerulean imp is severely wounded.
The cerulean imp barely misses you.
You hit the cerulean imp.
The cerulean imp is almost dead.
The cerulean imp closely misses you.
You hit the cerulean imp.
You kill the cerulean imp!
The cerulean imp disappears in a puff of smoke!
Natasha barely misses you.
The cerulean imp hits you from afar with a +0 spear.
You barely miss Natasha. You punch Natasha.
Natasha is lightly wounded.
Natasha barely misses you.
The cerulean imp hits you but does no damage.
You hit Natasha.
Natasha is moderately wounded.
Natasha closely misses you.
The cerulean imp hits you from afar with a +0 spear.
You sock Natasha!
Natasha is almost dead.
Natasha stares at you and mumbles some strange words.
The magic dart hits you!
The cerulean imp hits you but does no damage.
You barely miss Natasha.
Natasha is almost dead.
Natasha barely misses you.
The cerulean imp hits you from afar with a +0 spear.
Natasha mumbles some strange words.
You closely miss Natasha.
Natasha is almost dead.
The cerulean imp hits you but does no damage.
Natasha casts a spell at you. The magic dart hits you!
* * * LOW HITPOINT WARNING * * *
The cerulean imp barely misses you.
The cerulean imp hits you from afar with a +0 spear.
You die...

##..# ##...#
..... ...# S.#
### #.#
##.###.#######...
#......5@h55..#
##.###.######.#.#
#># #.# ###.#.##
#.###.##........#
#..†.....#
#....###
#####.####
#...... #..#
....# ##.## ##.##
##...#####...##


You could see Natasha and 3 cerulean imps.

Vanquished Creatures
  An adder (D:2)
  A dart slug (D:1)
  5 ball pythons
  3 bats (D:1)
  8 endoplasms (D:1)
  A giant cockroach (D:1)
  3 hobgoblins (D:1)
  2 kobolds (D:1)
  A quokka (D:1)
  3 goblins (D:1)
  3 rats (D:1)
31 creatures vanquished.

Notes
Turn   | Place    | Note
-------+----------+-------------------------------------------
     0 | D:1      | KittyFluff the Gargoyle Berserker began the quest for the
                  | Orb.
     0 | D:1      | Reached XP level 1. HP: 14/14 MP: 1/1
     2 | D:1      | Noticed a naga
     2 | D:1      | Noticed a demigod
     4 | D:1      | Noticed an elf
     4 | D:1      | Noticed an ogre
     6 | D:1      | Noticed a minotaur
     6 | D:1      | Noticed a troll
     8 | D:1      | Noticed a vampire
     8 | D:1      | Noticed a draconian
    10 | D:1      | Noticed a felid
    10 | D:1      | Noticed a meteoran
    12 | D:1      | Noticed a tengu
    12 | D:1      | Noticed a spriggan
    14 | D:1      | Noticed a ghoul
    16 | D:1      | Noticed a vine stalker
    18 | D:1      | Noticed a gargoyle
    18 | D:1      | Noticed an octopode
    20 | D:1      | Noticed a human
    20 | D:1      | Noticed an armataur
    22 | D:1      | Noticed a merfolk
    24 | D:1      | Noticed a demonspawn
    26 | D:1      | Noticed a naga
   231 | D:1      | Reached XP level 2. HP: 19/19 MP: 2/2
   501 | D:1      | Reached XP level 3. HP: 19/24 MP: 3/3
   594 | D:1      | Reached ** piety under Trog
  1051 | D:2      | Noticed Natasha
  1073 | D:2      | HP: 1/24 [Natasha/magic dart (10)]
  1073 | D:2      | Slain by a cerulean imp

Illustrated notes

Levels and vault maps discovered:
D:1:      kb_arrival_jail, layout_basic
D:2:      layout_loops_corners, minmay_misc_feat_tower, uniq_natasha

Action                     || total
---------------------------++-------
  Melee: Mace              ||   112
         Punch             ||     2
    Use: Scroll            ||     1
 Armour: Animal skin       ||    19
         Leather armour    ||    34
  Dodge: Dodged            ||    75
